 Dungeon Crawl Stone Soup version 0.20.0-9-g8272e65 (webtiles) character file.

2592 ThePhantomMennas the Basher (level 9, -1/62 HPs)
             Began as a Demonspawn Wanderer on June 3, 2017.
             Slain by a yak (7 damage)
             ... on level 6 of the Dungeon.
             The game lasted 00:17:59 (10251 turns).

ThePhantomMennas the Basher (Demonspawn Wanderer)  Turns: 10251, Time: 00:17:59

Health: -1/62      AC: 12    Str: 17    XL:     9   Next: 33%
Magic:  12/12      EV:  6    Int: 15    God:
Gold:   310        SH:  0    Dex: 10    Spells: 8/12 levels left

rFire    . . .     SeeInvis .   y - +0 whip (elec)
rCold    . . .     Gourm    .   (no shield)
rNeg     . . .     Faith    .   h - +0 chain mail
rPois    .         Spirit   .   (helmet restricted)
rElec    .         Reflect  .   (no cloak)
rCorr    .         Harm     .   w - +0 pair of gloves
MR       .....                  (no boots)
Stlth    ..........             (no amulet)
Regen    0.2/turn               (no ring)
MPRegen  0.2/turn               (no ring)

@: berserk cooldown, slowed, very slow
A: horns 1, molten scales 2, foul stench 1, rot immunity
a: no special abilities


You were on level 6 of the Dungeon.
You were hungry.

You visited 1 branch of the dungeon, and saw 6 of its levels.

You collected 310 gold pieces.

Inventory:

Hand Weapons
 e - a +0 club
 n - a -1 trident
 r - a +0 flail
 t - a +0 mace
 y - a +0 whip of electrocution (weapon)
Armour
 d - a +0 robe
 h - a +0 chain mail (worn)
 s - a +0 ring mail
 u - a cursed +0 shield
 w - a +0 pair of gloves (worn)
Jewellery
 x - an uncursed ring of teleportation
Wands
 j - a wand of random effects (21/48)
 o - a wand of acid (2/15)
 B - a wand of paralysis (7/24)
Scrolls
 g - 3 scrolls of blinking {unknown}
 i - 2 scrolls of remove curse
 k - a scroll of teleportation
 m - a scroll of recharging {unknown}
 q - 2 scrolls of identify
 v - 2 scrolls of amnesia
 A - a scroll of random uselessness {unknown}
Potions
 b - a potion of flight
 c - a potion of curing
Books
 a - a book of Minor Magic

   Spells                             Type                      Level
   a - Magic Dart                     Conjuration                  1
   b - Blink                          Translocation                2
   c - Call Imp                       Summoning                    2
   d - Slow                           Hexes                        2
   e - Conjure Flame                  Conjuration/Fire             3
   f - Mephitic Cloud                 Conjuration/Poison/Air       3
Comestibles
 f - 4 bread rations
 l - 5 royal jellies
 p - 2 fruits


   Skills:
 - Level 2.4 Fighting
 + Level 10.7 Maces & Flails
 - Level 1.7 Throwing
 - Level 2.3 Spellcasting
 - Level 3.2 Conjurations
   Level 1.0 Summonings
   Level 1.7 Ice Magic
 - Level 2.6 Air Magic


You had 8 spell levels left.
You knew the following spells:

 Your Spells              Type           Power        Failure   Level  Hunger
a - Magic Dart            Conj           ##..         71%         1    #......
c - Mephitic Cloud        Conj/Pois/Air  #.......     99%         3    ###....


Dungeon Overview and Level Annotations

Branches:
Dungeon (6/15)
 Temple: D:4-7

Altars:
Dithmenos
Hepliaklqana
Makhleb


Innate Abilities, Weirdness & Mutations

You have a pair of small horns on your head.
You are mostly covered in molten scales. (AC +3)
You may emit foul miasma when damaged in melee.
You are immune to rotting.


Message History

You hit the yak. You headbutt the yak!
The yak is heavily wounded.
The yak gores you.
* * * LOW HITPOINT WARNING * * *
The yak looks sick.
Evoke which item? (* to show all) (? for menu, Esc to quit)
Aiming: Paralyse (will waste charges)
Press: ? - help, Shift-Dir - straight line, f - yak
Aim: a yak (heavily wounded, sick, chance to defeat MR: 46%)
The yak resists with some effort.
Evoking this partially-identified wand wasted a few charges.
The yak completely misses you.
Evoke which item? (* to show all) (? for menu, Esc to quit)
Aiming: Paralyse (will waste charges)
Press: ? - help, Shift-Dir - straight line, f/p - yak
Aim: a yak (heavily wounded, sick, chance to defeat MR: 46%)
The yak resists with some effort.
Evoking this partially-identified wand wasted a few charges.
The yak gores you!
You die...

####..............# *
#..........#.#.# *
#..............# #
#..........#.#.# #
#..............# #
#...........#### *
#.##########* * #.# * #@#
***** ***** #Y#** *,,,,
**,,,**#aZ.#* *,***
*,,*,,*..#..# *,* *
*,***,..###.# *,* *
*,,*,a#..#..# *,* *
**,,.###...## *,* *
**..,*...*# *,* *
******..,,,....**********,***


You could see a yak, a worker ant and a quokka zombie.

Vanquished Creatures
  Pikel (D:5)
  Sigmund (D:5)
  5 yaks (D:6)
  An ice beast (D:6)
  3 slaves (D:5)
  A phantom (D:5)
  2 ogres
  A gnoll sergeant (D:5)
  A howler monkey (D:4)
  2 crimson imps
  A centaur zombie (D:5)
  3 hounds
  A bullfrog skeleton (D:5)
  A jelly (D:5)
  A centaur skeleton (D:4)
  An orc wizard (D:4)
  3 orc priests
  Ijyb (D:5)
  4 worker ants
  A hound zombie (D:5)
  Robin (D:3)
  3 gnolls (D:5)
  10 adders
  3 shadow imps (D:5)
  3 adder skeletons (D:5)
  5 worms
  3 dart slugs
  9 leopard geckos
  9 orcs
  2 ball pythons
  6 bats
  4 giant cockroaches
  15 goblins
  8 hobgoblins
  14 jackals
  3 quokkas
  8 frilled lizards
  9 kobolds
  10 rats
160 creatures vanquished.

Vanquished Creatures (others)
  A jelly (D:5)
  An orc wizard (D:5)
  A hound skeleton (D:6)
  A goblin (D:4)
4 creatures vanquished.

Grand Total: 164 creatures vanquished

Notes
Turn   | Place    | Note
-------+----------+-------------------------------------------
     0 | D:1      | ThePhantomMennas the Demonspawn Wanderer began the quest for the Orb.
     0 | D:1      | ThePhantomMennas set off with: a book of Minor Magic, a potion of lignification, a potion of curing, a +0 robe, a +0 club, a bread ration
     0 | D:1      | Reached XP level 1. HP: 13/13 MP: 3/3
     2 | D:1      | Learned a level 1 spell: Magic Dart
    74 | D:1      | Reached skill level 1 in Conjurations
   596 | D:1      | Gained mutation: You have a pair of small horns on your head. [demonic ancestry]
   596 | D:1      | Reached XP level 2. HP: 19/19 MP: 1/5
  1608 | D:1      | Gained mutation: You are partially covered in molten scales. (AC +2) [demonic ancestry]
  1608 | D:1      | Reached XP level 3. HP: 24/24 MP: 3/6
  2058 | D:2      | Learned a level 3 spell: Mephitic Cloud
  2186 | D:2      | Reached XP level 4. HP: 31/31 MP: 2/7
  2490 | D:2      | Reached skill level 1 in Fighting
  4764 | D:4      | Noticed Robin
  4773 | D:3      | Reached XP level 5. HP: 28/39 MP: 8/8
  4909 | D:3      | Killed Robin
  4909 | D:3      | Reached skill level 1 in Maces & Flails
  5284 | D:3      | Reached skill level 2 in Maces & Flails
  5952 | D:4      | Reached skill level 3 in Maces & Flails
  6016 | D:3      | Gained mutation: You are immune to rotting. [demonic ancestry]
  6016 | D:3      | Reached XP level 6. HP: 11/46 MP: 3/9
  6030 | D:3      | HP: 2/46 [orc (3)]
  6869 | D:4      | Reached skill level 4 in Maces & Flails
  7349 | D:5      | Entered Level 5 of the Dungeon
  7896 | D:5      | Reached skill level 5 in Maces & Flails
  7896 | D:5      | Reached XP level 7. HP: 25/51 MP: 10/10
  8560 | D:5      | Noticed Sigmund
  8571 | D:5      | Killed Sigmund
  8571 | D:5      | Reached skill level 6 in Maces & Flails
  9056 | D:5      | Reached skill level 7 in Maces & Flails
  9171 | D:5      | Gained mutation: You are mostly covered in molten scales. (AC +3) [demonic ancestry]
  9171 | D:5      | Reached XP level 8. HP: 27/57 MP: 11/11
  9558 | D:5      | Noticed Pikel
  9577 | D:5      | Killed Pikel
  9577 | D:5      | Reached skill level 8 in Maces & Flails
  9939 | D:5      | Noticed Ijyb
  9954 | D:5      | Killed Ijyb
 10049 | D:6      | Found a hazy altar of Hepliaklqana.
 10056 | D:6      | Found a shadowy altar of Dithmenos.
 10105 | D:6      | Reached skill level 9 in Maces & Flails
 10182 | D:6      | Found a burning altar of Makhleb.
 10210 | D:6      | Gained mutation: You may emit foul miasma when damaged in melee. [demonic ancestry]
 10210 | D:6      | Reached XP level 9. HP: 62/62 MP: 12/12
 10213 | D:6      | Reached skill level 10 in Maces & Flails
 10246 | D:6      | HP: 2/62 [yak (11)]
 10251 | D:6      | Slain by a yak

Skill      XL: |  1  2  3  4  5  6  7  8  9 |
---------------+----------------------------+-----
Conjurations   | 1 2 3 |  3.2
Fighting       | 2 |  2.4
Maces & Flails | 3 5 7 9 10 | 10.7
Throwing       | |  1.7
Spellcasting   | |  2.3
Summonings     | |  1.0
Ice Magic      | |  1.7
Air Magic      | |  2.6

Action                   |  1- 3 |  4- 6 |  7- 9 || total
-------------------------+-------+-------+-------++-------
Melee: Club              |    56 |    73 |       ||   129
       Headbutt          |     5 |    44 |    30 ||    79
       Flail             |       |   189 |       ||   189
       Mace              |       |   126 |   183 ||   309
       Whip              |       |       |    98 ||    98
 Cast: Magic Dart        |    85 |    57 |       ||   142
       Mephitic Cloud    |       |     8 |       ||     8
Evoke: Wand              |       |     1 |     8 ||     9
  Use: Potion            |     1 |     5 |     3 ||     9
       Scroll            |       |     5 |     2 ||     7
 Stab: Confused          |       |     2 |       ||     2
  Eat: Chunk             |     6 |    11 |     4 ||    21
       Bread ration      |       |     2 |     1 ||     3
Armor: Robe              |     7 |    22 |       ||    29
       Skin              |    16 |       |       ||    16
       Ring mail         |       |   102 |       ||   102
       Chain mail        |       |   149 |   134 ||   283
Dodge: Dodged            |    36 |   224 |    72 ||   332
